[Event "*** MasterClass Titled Tuesday Blitz"]
[Site "Chess.com"]
[Date "2017.09.05"]
[Round "4"]
[White "XeresLt"]
[Black "dolynachess"]
[Result "0-1"]
[WhiteElo "2392"]
[BlackElo "2410"]
[TimeControl "180+2"]
[EndTime "13:58:42 PDT"]
[Termination "dolynachess won by resignation"]

1. e4 e6 2. d4 d5 3. Nc3 dxe4 4. Nxe4 Bd7 5. Bd3 Bc6 6. Nf3 Nd7 7. Qe2 Ngf6 8. Neg5 Bxf3 9. Nxf3 Be7 10. Bd2 c6 11. O-O-O Qc7 12. Kb1 O-O-O 13. g3 h6 14. h4 Kb8 15. a3 c5 16. Ne5 Nxe5 17. dxe5 Nd5 18. c4 Nb6 19. f4 h5 20. Be4 g6 21. Bg2 Rd7 22. Be3 Rhd8 23. b3 Nc8 24. Kc2 Qa5 25. a4 a6 26. Rxd7 Rxd7 27. Rd1 Qd8 28. Qf3 Na7 29.
Bxc5 Bxc5 30. Qxb7+ Rxb7 31. Rxd8+ Kc7 32. Rh8 Nc6 33.
Rh7 Kb6 34. Be4 Bf2 35. a5+ Kc5 36. Bxg6 Bxg3 37. Rxf7 Rxf7 38. Bxf7 Bxf4 39. Bxe6 Nd4+ 40. Kc3 Nxe6 41. b4+ Kc6 42. Kb3 Bxe5 43. Ka4 Bg3 44. b5+ Kb7 45. Kb3 Bxh4 46. Kc2 Be7 47. Kd3 h4 48.
Ke2 Nc5 49. Kf3 Nb3 50. Kg4 Nxa5 51. bxa6+ Kxa6 52. c5 Nc6 53. Kh3 Kb5 54. Kg4 Kxc5 55. Kh3 Kc4 56. Kg4 Kd5 57. Kh3 Ke5 58. Kg4 Ke4 59. Kh3 Kf5 60. Kg2 Kg4 61. Kh2 h3 62. Kg1 Ne5 63. Kh1 Kg3 64. Kg1 Ng4 65. Kh1 Nf2+ 66.
Kg1 h2+ 0-1

[Event "*** MasterClass Titled Tuesday Blitz"]
[Site "Chess.com"]
[Date "2017.09.05"]
[Round "4"]
[White "RitvarsReimanis"]
[Black "gmcorrales"]
[Result "0-1"]
[WhiteElo "2465"]
[BlackElo "2678"]
[TimeControl "180+2"]
[EndTime "13:58:43 PDT"]
[Termination "gmcorrales won by resignation"]

1. d4 Nf6 2. c4 e6 3. Nc3 d5 4. Bg5 Be7 5. cxd5 exd5 6. e3 h6 7. Bh4 O-O 8. Bd3 c6 9. Qc2 Nbd7 10. Nf3 Re8 11. O-O Nf8 12. Ne5 N6d7 13. Bg3 Nxe5 14. Bxe5 Bd6 15. Bg3 a5 16. a3 h5 17.
Na4 h4 18. Bxd6 Qxd6 19. Nb6 Rb8 20. Qd2 Ne6 21. Bf5 a4 22. Nxa4 Ng5 23. Bxc8 Rbxc8 24. Nc5 h3 25. f4 hxg2 26. Kxg2 Ne4 27. Nxe4 Rxe4 28.
Rf3 c5 29. Rc1 c4 30. Rg1 Rce8 31. Kh1 Qe6 32. Rgg3 Qf5 33. Rg5 Qd7 34. Qg2 f6 35. Rxg7+ Qxg7 36. Rg3 R8e7 37. Qf3 Kf8 38. Rxg7 Rxg7 39.
Qh3 Ke7 40. Qc8 Kd6 41. Qf8+ Rge7 42. Qxf6+ Kc7 43. h4 Rxe3 44. Qf5 c3 45. bxc3 Rxc3 46.
Qxd5 b6 47. Qg2 Ree3 48. Qd2 Rxa3 49. d5 Kd6 50. f5 Reb3 51. f6 Rh3+ 52. Kg1 Rag3+ 53.
Kf1 Rh1+ 54. Kf2 Rh2+ 55. Kxg3 Rxd2 0-1

[Event "*** MasterClass Titled Tuesday Blitz"]
[Site "Chess.com"]
[Date "2017.09.05"]
[Round "4"]
[White "Blitzking4444"]
[Black "aa175"]
[Result "1-0"]
[WhiteElo "2088"]
[BlackElo "1847"]
[TimeControl "180+2"]
[EndTime "13:58:45 PDT"]
[Termination "Blitzking4444 won by resignation"]

1. e4 e5 2. Nf3 Nc6 3. Bb5 Nf6 4. d3 Bc5 5. Bxc6 dxc6 6. Qe2 Bg4 7. Nbd2 O-O 8. h3 Bxf3 9. Qxf3 a6 10. Nf1 Qe7 11.
Bg5 h6 12. Bxf6 Qxf6 13. Qxf6 gxf6 14. g4 Kg7 15. Ng3 Kg6 16. Ke2 b5 17. Raf1 Bd6 18. h4 c5 19. Ra1 b4 20. a3 a5 21. axb4 axb4 22. f3 Rfb8 23. Rhb1 Rd8 24. Ke3 Rdb8 25.
Kd2 Rd8 26. Kc1 Bf8 27. Kd2 Kh7 28. Ke3 Bd6 29. c4 Rdb8 30. b3 Kg8 31. Nh5 Be7 32. f4 Ra3 33. Rxa3 bxa3 34. Ra1 Rxb3 35. f5 Kf8 36. Ra2 Ke8 37. Ng3 Kd8 38. h5 Kc8 39.
Nf1 Kb7 40. Nd2 Rc3 41. Nb1 Rc1 42. Nxa3 c6 43. Nc2 Rg1 44. Kf3 Rf1+ 45. Kg2 Rd1 46. Ne3 Re1 47. Kf2 Rh1 48. Kf3 Rh2 49. Rxh2 1-0

[Event "*** MasterClass Titled Tuesday Blitz"]
[Site "Chess.com"]
[Date "2017.09.05"]
[Round "4"]
[White "Noukii"]
[Black "K_A_S_T_O_R"]
[Result "0-1"]
[WhiteElo "2661"]
[BlackElo "2617"]
[TimeControl "180+2"]
[EndTime "13:58:47 PDT"]
[Termination "K_A_S_T_O_R won by resignation"]

1. d4 Nf6 2. c4 e6 3. Nf3 c5 4.
d5 d6 5. Nc3 exd5 6. cxd5 g6 7.
Bf4 a6 8. a4 Bg7 9. e4 Bg4 10.
Be2 Bxf3 11. Bxf3 O-O 12. O-O Qe7 13. e5 dxe5 14. Re1 Nbd7 15. d6 Qe6 16. Bxb7 Ra7 17. Bf3 Rb8 18. Qd2 Bf8 19. Rad1 Rb6 20. Bg3 Rxd6 21.
Qe2 Rd4 22. a5 Rc7 23. h3 h5 24. Ne4 Nxe4 25. Bxe4 Nf6 26. Bd3 c4 27. Qxe5 Rcd7 28. Qxe6 fxe6 29. Bc2 Kf7 30. Rxd4 Rxd4 31. Re2 Bb4 32. Be5 Rd5 33. f4 Bxa5 34. Kf2 Bb6+ 35. Kf3 Bd4 36. g4 hxg4+ 37. hxg4 Bxe5 38. fxe5 Nd7 39. Kf4 g5+ 40. Kxg5 Nxe5 41. Kf4 Nd3+ 42. Kf3 Nxb2 43.
Be4 Rb5 44. Rd2 Kf6 45. Kf4 e5+ 46. Kg3 Rb3+ 47. Kh4 Nd3 48. g5+ Ke7 49. g6 Kf6 50. Rd1 Nf2 51. Rd6+ Ke7 52. Rxa6 Rh3+ 53. Kg5 Nxe4+ 54.
Kf5 Nd6+ 55. Kxe5 Rh5+ 56. Kd4 Rg5 57. g7 Ke6 58. Ra7 Rd5+ 59. Ke3 Rg5 60. Kd4 Rg4+ 61.
Ke3 Nf5+ 62. Kf3 Rxg7 63. Ra8 Nd6 64. Ke3 Rg4 65. Kd2 Rg3 66. Kc2 Re3 67. Ra5 Nf5 68.
Kd2 Rd3+ 69. Kc1 Nd4 70. Ra8 c3 71. Rc8 c2 72. Kb2 Rd1 73. Re8+ Kd7 0-1

[Event "*** MasterClass Titled Tuesday Blitz"]
[Site "Chess.com"]
[Date "2017.09.05"]
[Round "4"]
[White "Keranke"]
[Black "champ2005"]
[Result "1/2-1/2"]
[WhiteElo "2683"]
[BlackElo "2497"]
[TimeControl "180+2"]
[EndTime "13:58:48 PDT"]
[Termination "Game drawn - insufficient material"]

1. d4 Nf6 2. Nf3 e6 3. Bf4 d5 4.
e3 Bd6 5. Ne5 c5 6. Nd2 O-O 7. c3 Qc7 8. Bd3 Nfd7 9. Ndf3 f6 10. Nxd7 Nxd7 11. Bg3 Kh8 12. Qc2 f5 13. Ng5 Nf6 14.
Bxd6 Qxd6 15. f4 b6 16. O-O Bd7 17. Nf3 c4 18. Be2 Be8 19. b3 b5 20. bxc4 bxc4 21.
Rfb1 Bh5 22. Rb7 Bxf3 23. gxf3 Rfb8 24. Rab1 a6 25. Qa4 h6 26. Kf2 Rxb7 27. Rxb7 g5 28.
fxg5 Qxh2+ 29. Ke1 hxg5 30. Qc6 g4 31. Qxe6 Rf8 32. Qe7 Qh6 33. Rb6 g3 34. Bf1 Qg7 35. Qe5 Nd7 36. Qxg7+ Kxg7 37. Rxa6 Nf6 38. Bh3 Rb8 39.
Bxf5 Rb2 40. Kf1 Rf2+ 41. Kg1 Rxf3 42. Bh3 Rxe3 43. a4 Rxc3 44. a5 Ra3 45. Ra8 c3 46.
Bf5 Ne4 47. Bxe4 dxe4 48. Kg2 c2 49. Rc8 Rxa5 50. Rxc2 Ra3 51. Re2 Kf6 52. Rxe4 Kf5 53. Rh4 Rd3 54. d5 Rxd5 55. Rh5+ Ke4 56. Rxd5 Kxd5 57.
Kxg3 1/2-1/2

[Event "*** MasterClass Titled Tuesday Blitz"]
[Site "Chess.com"]
[Date "2017.09.05"]
[Round "4"]
[White "Witik"]
[Black "Iball95"]
[Result "1-0"]
[WhiteElo "2527"]
[BlackElo "2582"]
[TimeControl "180+2"]
[EndTime "13:58:50 PDT"]
[Termination "Witik won by resignation"]

1. e4 c5 2. Nf3 g6 3. c3 Bg7 4.
d4 cxd4 5. cxd4 d5 6. e5 Bg4 7.
Qb3 Qd7 8. Nc3 Bxf3 9. gxf3 Nc6 10. Be3 e6 11. Nb5 Bf8 12. Rc1 a6 13. Nc3 Nge7 14.
Na4 Rb8 15. Bh3 Nf5 16. Bxf5 gxf5 17. Rg1 f4 18. Bxf4 Nxd4 19. Qd1 Nxf3+ 20. Qxf3 Qxa4 21.
Rg4 h5 22. Rg3 Qe4+ 23. Qxe4 dxe4 24. Ke2 Rd8 25. Ke3 Bb4 26. Kxe4 h4 27. Rb3 a5 28. a3 Bd2 29. Rc7 Bxf4 30. Kxf4 Rd4+ 31. Ke3 Rd5 32. Rc8+ Rd8 33. Rxd8+ Kxd8 34. Rxb7 Rh5 35. Ke4 Ke8 36. h3 Rg5 37. b4 axb4 38. Rxb4 Rg2 39.
Kf3 Rg5 40. Re4 Rh5 41. a4 Kd7 42. a5 Kc6 43. a6 Kb6 44. Kg4 Rf5 45. Ra4 Ka7 46. f4 f6 47. exf6 Rxf6 48. Kxh4 Rg6 49. Kh5 Rg3 50. h4 Rg8 51. Kh6 Rg4 52. h5 e5 53. Kh7 exf4 54. h6 Rh4 55. Kg6 Rg4+ 56. Kh5 Rg1 57. Rxf4 Rh1+ 58. Rh4 Re1 59. h7 Re8 60. Kg6 Kxa6 61. h8=Q 1-0

[Event "*** MasterClass Titled Tuesday Blitz"]
[Site "Chess.com"]
[Date "2017.09.05"]
[Round "4"]
[White "Aygehovit1992"]
[Black "Fandorine"]
[Result "1/2-1/2"]
[WhiteElo "2460"]
[BlackElo "2668"]
[TimeControl "180+2"]
[EndTime "13:58:55 PDT"]
[Termination "Game drawn by agreement"]

1. e4 g6 2. Nc3 Bg7 3. d4 d6 4. Be2 Nf6 5. g4 c5 6. g5 Nfd7 7. Be3 Nc6 8. d5 Nd4 9. Nf3 Nxf3+ 10. Bxf3 b5 11. Bg2 b4 12. Na4 Nb6 13. Nxb6 axb6 14.
Qc1 Ba6 15. f4 h6 16. gxh6 Rxh6 17. a3 bxa3 18. Rxa3 Bb5 19. c4 Bd7 20. O-O Rxa3 21. bxa3 Bh3 22. Rf2 Bxg2 23. Rxg2 Rh3 24. Rg3 Qd7 25.
Qd1 Rxg3+ 26. hxg3 Qh3 27. Qf3 f5 28. Bf2 fxe4 29.
Qxe4 Kf7 30. Qb1 Bd4 31. Qd3 Bf6 32. a4 Qd7 33. Qc2 Qg4 34. Kg2 g5 35. fxg5 Bxg5 36. Qd3 Bf6 37. Qh7+ Ke8 38. Qd3 Kd7 39. Kf1 Kc7 40.
Qe2 Qh3+ 41. Kg1 Be5 42. Qf3 Qh7 43. Kg2 Qc2 44. Qf7 Bf6 45. Qe8 Qe4+ 46. Kg1 Qxc4 47. Qc6+ Kd8 48. Qxb6+ Ke8 49. a5 Bd4 50. Bxd4 Qxd4+ 51. Kh2 Qd2+ 1/2-1/2

[Event "*** MasterClass Titled Tuesday Blitz"]
[Site "Chess.com"]
[Date "2017.09.05"]
[Round "4"]
[White "workhard91"]
[Black "FelixBlohberger"]
[Result "1-0"]
[WhiteElo "2295"]
[BlackElo "2303"]
[TimeControl "180+2"]
[EndTime "13:59:12 PDT"]
[Termination "workhard91 won by resignation"]

1. d4 Nf6 2. c4 e6 3. Nc3 Bb4 4. e3 O-O 5. Bd3 d6 6. Ne2 e5 7. a3 Bxc3+ 8. Nxc3 Qe7 9. O-O b6 10. d5 a5 11. e4 Nbd7 12. Rb1 Nc5 13. Bc2 a4 14.
Be3 Bd7 15. h3 h6 16. Re1 Qe8 17. f4 exf4 18. Bxf4 Qd8 19. e5 dxe5 20. Bxe5 Ne8 21. Qf3 Nd6 22. Qf4 Be8 23. Rbd1 f6 24. Bd4 Bf7 25.
Bxc5 bxc5 26. Ne4 Nxc4 27. Nxc5 Nxb2 28. Rd4 Qd6 29. Qe4 f5 30. Qxf5 g6 31. Qf2 Qxc5 32. Rc1 Bxd5 33. Qe3 Nc4 34. Qd3 Bf7 35. Bb1 Rad8 36. Rxc4 Rxd4 37. Rxc5 Rxd3 38. Bxd3 Rd8 39. Bb5 Rd1+ 40. Kh2 Ra1 41. Rc3 Bb3 42. Bc4+ Bxc4 43.
Rxc4 Rxa3 44. Rxc7 Rb3 45. Ra7 a3 46. h4 h5 47. g3 Rb2+ 48. Kh3 a2 49. g4 Kf8 50. gxh5 gxh5 51. Kg3 Ke8 52. Kf4 Rg2 53. Kf5 Kd8 54. Ra5 Kc7 55. Kf4 Kb6 56. Ra8 Kb5 57.
Kf3 Kb4 58. Kxg2 Kb3 59. Kf3 1-0

[Event "*** MasterClass Titled Tuesday Blitz"]
[Site "Chess.com"]
[Date "2017.09.05"]
[Round "4"]
[White "Peroncio"]
[Black "Grebeniuk-S"]
[Result "1-0"]
[WhiteElo "2421"]
[BlackElo "2385"]
[TimeControl "180+2"]
[EndTime "13:59:15 PDT"]
[Termination "Peroncio won by resignation"]

1. e4 d5 2. exd5 Qxd5 3. Nc3 Qa5 4. d4 Nf6 5. Nf3 Bg4 6. h3 Bh5 7. g4 Bg6 8. Ne5 e6 9. h4 Bb4 10. Bd2 Nbd7 11. Nc4 Qa6 12. h5 Bxc3 13. hxg6 Bxd2+ 14.
Nxd2 Qc6 15. gxf7+ Kxf7 16. Rg1 Rhf8 17. Bd3 h6 18.
Qe2 Nd5 19. Qe4 Ke7 20. O-O-O Rae8 21. f3 Kd8 22. Kb1 Kc8 23. Qg6 Nf4 24. Qxg7 Nxd3 25. cxd3 e5 26. dxe5 Nxe5 27. Rc1 Qd6 28. Ne4 Qxd3+ 29.
Ka1 Nc6 30. Qxh6 Qxf3 31. Nc5 Rg8 32. g5 Qe3 33. Nxb7 Re6 34. Qh7 Rge8 35. Nc5 R6e7 36. Qf5+ Kb8 37. Na6+ Kb7 38. Nc5+ Ka8 39. Nb3 Qxg1 40.
Rxg1 Re1+ 41. Rxe1 Rxe1+ 42. Qb1 Rxb1+ 43. Kxb1 Ne5 44. Kc2 Kb7 45. Kc3 Kc6 46. Nd4+ Kd5 47. Nb5 Kc6 48. Nxa7+ Kc5 49. b4+ Kb6 50. Nc8+ Kb5 51.
Ne7 c5 52. bxc5 Kxc5 53. g6 Ng4 54. g7 Nf6 55. g8=Q Nxg8 56. Nxg8 Kb5 57. Kb3 Ka5 58. Nf6 1-0

[Event "*** MasterClass Titled Tuesday Blitz"]
[Site "Chess.com"]
[Date "2017.09.05"]
[Round "4"]
[White "JSPrepz"]
[Black "michaelq2d5"]
[Result "0-1"]
[WhiteElo "2444"]
[BlackElo "2637"]
[TimeControl "180+2"]
[EndTime "13:59:18 PDT"]
[Termination "michaelq2d5 won by checkmate"]

1. Nf3 d5 2. c4 d4 3. b4 g5 4. Qa4+ Bd7 5. b5 Bg7 6. d3 h6 7. h3 e5 8. g3 Ne7 9. Nbd2 O-O 10. Bg2 f5 11. O-O Qc8 12. Ba3 c5 13. Nb3 e4 14.
Nfxd4 cxd4 15. Bxe7 Re8 16. Bc5 f4 17. g4 h5 18.
Bxd4 hxg4 19. hxg4 f3 20. exf3 exf3 21. Bxf3 Bxg4 22.
Bg2 Bh3 23. f3 Bxg2 24. Kxg2 Re2+ 25. Rf2 Rxf2+ 26. Bxf2 Bxa1 27. Nxa1 Qf5 28. c5 Nd7 29. c6 Ne5 30. Qe4 Qxe4 31. fxe4 Nxd3 32. cxb7 Rb8 33.
Bxa7 Rxb7 34. b6 Nc5 35. Nc2 Na4 36. Nd4 Nxb6 37. Bxb6 Rxb6 38. Kg3 Kg7 39. Kg4 Kg6 40. Nf3 Rb5 41. e5 Rb4+ 42. Kg3 Kf5 43. e6 Re4 44. a4 g4 45. Nh4+ Kg5 46. Ng2 Rxe6 47. a5 Re5 48. a6 Ra5 49. Ne3 Ra3 50. Kf2 Rxa6 51. Nd5 Ra3 52. Kg2 Kf5 53. Ne7+ Ke4 54. Ng6 Rb3 55. Ne7 Kf4 56. Nd5+ Kg5 57. Ne7 Re3 58. Nd5 Re5 59. Nc3 Kf4 60. Nd1 g3 61. Nc3 Kg4 62. Nd1 Re2+ 63. Kg1 Kf3 64. Kf1 g2+ 65. Kg1 Re1+ 66. Kh2 g1=Q+ 67. Kh3 Qg3# 0-1

[Event "*** MasterClass Titled Tuesday Blitz"]
[Site "Chess.com"]
[Date "2017.09.05"]
[Round "4"]
[White "NTBT_DHS"]
[Black "Bryakin_Mikhail"]
[Result "0-1"]
[WhiteElo "2538"]
[BlackElo "2548"]
[TimeControl "180+2"]
[EndTime "13:59:25 PDT"]
[Termination "Bryakin_Mikhail won by checkmate"]

1. d4 d5 2. Nc3 Nf6 3. Bg5 c6 4.
f3 Bf5 5. Qd2 Nbd7 6. O-O-O h6 7. Bh4 Qb6 8. e4 dxe4 9. Bc4 exf3 10. Nxf3 e6 11. Rhe1 O-O-O 12. Bg3 Qa5 13. a3 Nb6 14. Bb3 Bd6 15. Ne5 Rhf8 16. Kb1 Bxe5 17. Rxe5 Qa6 18.
Nb5 Nbd5 19. Nd6+ Rxd6 20. Rxf5 Rdd8 21. Bxd5 cxd5 22. Rf3 Qb6 23. Rc3+ Kd7 24. Rc7+ Ke8 25. Qb4 Qxb4 26. axb4 Rd7 27. Rc3 Ke7 28. Be5 Ra8 29. b5 a6 30. b6 Ne8 31. Re1 f6 32. Bf4 Kf7 33. g4 Nd6 34. Bxd6 Rxd6 35. Rc7+ Kg6 36. Rxb7 a5 37. h4 Kh7 38. h5 Ra6 39. c3 Raxb6 40.
Ra7 Ra6 41. Rxa6 Rxa6 42. Kc2 g6 43. Ra1 gxh5 44. gxh5 e5 45. Kd3 Kg7 46. b4 a4 47. Re1 e4+ 48. Kc2 a3 49. Kb3 a2 50.
Ra1 e3 51. Kc2 Ra3 52. b5 f5 53. b6 Ra6 54. b7 Rb6 55. Rxa2 Rxb7 56. Kd3 f4 57.
Rg2+ Kf6 58. Rg6+ Kf5 59. Rxh6 Rb2 60. c4 e2 61. Rd6 e1=Q 62. Rxd5+ Kg4 63. Re5 Rb3+ 64.
Kc2 Qc3+ 65. Kd1 Rb1+ 66. Ke2 Re1+ 67. Kf2 Qg3# 0-1

[Event "*** MasterClass Titled Tuesday Blitz"]
[Site "Chess.com"]
[Date "2017.09.05"]
[Round "4"]
[White "Alex_Molchanov"]
[Black "BIG_Pirate"]
[Result "1-0"]
[WhiteElo "2506"]
[BlackElo "2319"]
[TimeControl "180+2"]
[EndTime "13:59:25 PDT"]
[Termination "Alex_Molchanov won by resignation"]

1. c4 c6 2. e4 d5 3. exd5 cxd5 4. d4 Nf6 5. Nc3 Nc6 6. Nf3 g6 7. h3 Bg7 8. c5 O-O 9. a3 Ne4 10. Be2 e5 11. dxe5 Nxc3 12. bxc3 Nxe5 13. O-O Be6 14. Nd4 Re8 15. Nxe6 Rxe6 16. Be3 Nc6 17. Qb3 d4 18. Rad1 Qe7 19. cxd4 Nxd4 20. Bxd4 Rxe2 21. Bxg7 Kxg7 22. Qb5 Re5 23. Rd7 Rxc5 24. Qxb7 Qe6 25. Rfd1 Rf8 26. Qxa7 Qf5 27. a4 h5 28. Qb6 Kg8 29.
Ra1 Ra5 30. Rd8 Rxd8 31. Qxd8+ Kg7 32. Qd4+ Kh7 33. Qc3 Qd5 34. h4 Qf5 35. g3 Qd5 36.
Qb4 Qf5 37. Re1 Ra6 38. Re4 Rf6 39. Rf4 Qe5 40. Rxf6 Qxf6 41. a5 Qa1+ 42. Kg2 Qa2 43.
Qb5 f5 44. a6 f4 45. Qb7+ Kh6 46. a7 fxg3 47. Kxg3 Qa3+ 48. Kg2 Qa4 49. a8=Q Qg4+ 50.
Kh2 Qxh4+ 51. Kg1 Qg5+ 52. Qg2 Qc1+ 53. Kh2 Qf4+ 54. Qg3 Qf6 55. Qaf3 Qg7 56. Qgf4+ g5 57. Qf6+ 1-0

[Event "*** MasterClass Titled Tuesday Blitz"]
[Site "Chess.com"]
[Date "2017.09.05"]
[Round "4"]
[White "ChadaevNikolay"]
[Black "Bengalas"]
[Result "1-0"]
[WhiteElo "2693"]
[BlackElo "2485"]
[TimeControl "180+2"]
[EndTime "13:59:39 PDT"]
[Termination "ChadaevNikolay won by resignation"]

1. e4 c5 2. Nf3 d6 3. d4 cxd4 4. Nxd4 Nf6 5. Nc3 a6 6. h3 e5 7. Nde2 h5 8. g3 Be7 9. Bg2 Nbd7 10. a4 b6 11. O-O Bb7 12. Be3 Rc8 13. f4 O-O 14. Kh2 Rc7 15. Qe1 Qa8 16. fxe5 dxe5 17. Bg5 Bb4 18. Bxf6 Nxf6 19. Rxf6 gxf6 20. Qf2 Qd8 21.
Rd1 Qe7 22. Qf5 Kg7 23. Qxh5 Rh8 24. Qg4+ Kf8 25. h4 Bc8 26. Qf3 Be6 27. Bh3 Kg7 28.
Rf1 Bxc3 29. Nxc3 b5 30. axb5 axb5 31. Rf2 b4 32. Nd1 Rhc8 33. Ne3 Rd8 34. Bf5 Rh8 35. Qg4+ Kf8 36. Rd2 Rd7 37. Rf2 Rd4 38. Qf3 Kg7 39. Qg4+ Kf8 40. Kh3 Rg8 41. Qh5 Rxe4 42. Qh6+ Ke8 43.
Qh7 Rf8 44. Ng4 Rd4 45. Qg7 Rxg4 46. Qxg4 Qd6 47. Qg7 Ke7 48. h5 Bxf5+ 49. Rxf5 Qe6 50. g4 b3 51. c3 Rd8 52. h6 Rd3+ 53. Kh4 Rd1 54. h7 Rh1+ 55. Kg3 Qd6 56. h8=Q Qd3+ 57. Kg2 Qe4+ 58. Rf3 Rxh8 59. Qxf6+ Kd7 60. Qxh8 Qxg4+ 61. Kf2 Qg5 62. Qh3+ Ke7 63. Qf1 e4 64. Re3 f5 65.
Qg2 Qf4+ 66. Ke2 Qh4 67. Qg7+ Ke6 68. Qg6+ Ke5 69. Qg3+ 1-0

[Event "*** MasterClass Titled Tuesday Blitz"]
[Site "Chess.com"]
[Date "2017.09.05"]
[Round "4"]
[White "AllStarShark"]
[Black "Blitzstream"]
[Result "0-1"]
[WhiteElo "2324"]
[BlackElo "2487"]
[TimeControl "180+2"]
[EndTime "13:59:41 PDT"]
[Termination "Blitzstream won on time"]

1. d4 Nf6 2. Nf3 b5 3. Bg5 Ne4 4. Bf4 Bb7 5. e3 a6 6. Bd3 e6 7. Nbd2 Nxd2 8. Qxd2 c5 9. c3 Nc6 10. O-O Be7 11. Ne5 Nxe5 12. Bxe5 d6 13. Bg3 h5 14. f3 h4 15. Be1 h3 16. g3 Qb6 17. e4 cxd4 18.
Bf2 Bf6 19. cxd4 O-O 20. d5 Qd8 21. dxe6 fxe6 22. Qe3 Bxb2 23. Rad1 Rc8 24. Qe2 Bf6 25.
f4 Qe8 26. Qg4 Rc3 27. Qxh3 e5 28. Be1 Rxd3 29. Rxd3 exf4 30. Rxd6 fxg3 31. Bxg3 Bc8 32. Qg2 Qh5 33. e5 Bh3 34. Qd5+ Kh7 35. Qe4+ Kh8 36. Rf4 Re8 37. Rdxf6 Qd1+ 38. Rf1 Bxf1 39. Rxf1 Qd2 40. Qh4+ Kg8 41. Qf4 Qxa2 42. Qf5 Qc4 43. Rf4 Qc1+ 44. Kg2 Qd2+ 45. Kh3 Qd5 46. Rh4 Qe6 47. Qxe6+ Rxe6 48. Rb4 Rb6 49. Bf2 Rb7 50. Kg4 a5 51. Rd4 Kf7 52. Kf5 g6+ 53. Kg5 b4 54. Rd6 b3 55. Bd4 b2 56. Bxb2 Rxb2 57. Rf6+ Ke7 58. Rxg6 Rg2+ 59. Kf5 Rxg6 60. Kxg6 a4 61. h4 a3 62. h5 a2 63. h6 a1=Q 64. h7 Qxe5 0-1

[Event "*** MasterClass Titled Tuesday Blitz"]
[Site "Chess.com"]
[Date "2017.09.05"]
[Round "4"]
[White "MyleneFarmer"]
[Black "Art10ECHR"]
[Result "1/2-1/2"]
[WhiteElo "2423"]
[BlackElo "2239"]
[TimeControl "180+2"]
[EndTime "13:59:51 PDT"]
[Termination "Game drawn by agreement"]

1. d4 Nf6 2. Bg5 d5 3. e3 c5 4.
Bxf6 gxf6 5. dxc5 Nc6 6. Nf3 e5 7. Bb5 Qa5+ 8. Nc3 a6 9. Bxc6+ bxc6 10. Nd2 Qxc5 11. O-O Rg8 12. Nb3 Qb4 13. f4 Be6 14. Qh5 Rg6 15. Rae1 O-O-O 16. Qe2 Bh3 17. Qxa6+ Kc7 18.
Rf2 exf4 19. exf4 Qb6 20. Qxb6+ Kxb6 21. f5 Rg5 22. Nd4 Ra8 23. Kf1 Bc5 24. Rd1 Bg4 25. Rd3 Kc7 26. h3 Bxd4 27. Rxd4 Bxf5 28. h4 Rg4 29.
Rxg4 Bxg4 30. Rxf6 Be6 31. a3 d4 32. Ne2 c5 33.
Nf4 Kd6 34. Nxe6 fxe6 35. Rh6 c4 36. Rxh7 Rb8 37. b4 cxb3 38. cxb3 Rxb3 39. Ke2 Rxa3 40. h5 Ke5 41. Rg7 Kf6 42. Rg6+ Kf5 43. g4+ Kf4 44. h6 e5 45. Rg8 Rh3 46. g5 e4 47. g6 d3+ 48. Kd2 Rh2+ 49. Kc3 d2 50. Kc2 Rxh6 51.
Kxd2 Kf5 52. g7 Kg6 53. Ke3 Rh7 54. Kxe4 1/2-1/2

[Event "*** MasterClass Titled Tuesday Blitz"]
[Site "Chess.com"]
[Date "2017.09.05"]
[Round "4"]
[White "IamSchrodingersCat"]
[Black "Alexander_Moskalenko"]
[Result "0-1"]
[WhiteElo "2425"]
[BlackElo "2664"]
[TimeControl "180+2"]
[EndTime "13:59:52 PDT"]
[Termination "Alexander_Moskalenko won by resignation"]

1. e4 e6 2. d4 d5 3. Nc3 Nf6 4. Bg5 Bb4 5. e5 h6 6. Bd2 Bxc3 7. bxc3 Ne4 8. Qg4 Kf8 9. Bd3 Nxd2 10. Kxd2 c5 11. h4 Nc6 12. Rh3 c4 13. Bf1 b5 14.
a3 a5 15. Ne2 Bd7 16. Rg3 Rg8 17. Rf3 Ne7 18. Qh5 Nf5 19. Rxf5 exf5 20. Nf4 Be6 21. g3 Ke7 22. Rb1 Qd7 23. Bg2 Rgd8 24. Bh3 Kf8 25. Rg1 b4 26. axb4 axb4 27. cxb4 c3+ 28.
Kxc3 Rdc8+ 29. Kd2 Ra2 30. Rc1 Qa4 31. Bxf5 Qxb4+ 32. Ke3 Qa3+ 33. Kd2 Qc3+ 34. Kd1 Qxd4+ 35. Nd3 Rc6 36.
Bxe6 fxe6 37. Qf3+ Kg8 38. Qe2 Rc8 39. Qf3 Qa4 40. Qe2 Qa6 41. Kd2 Qa4 42. Kd1 Kh8 43. Qd2 Qd4 44. Qf4 Qc3 45. Qd2 Ra1 46. Qxc3 Rxc1+ 47. Kxc1 Rxc3 48. Kd2 Rc4 49. Nf4 Rc6 50. Kd3 Kg8 51. Ne2 Kf7 52. Nd4 Rc4 53. c3 g5 54.
hxg5 hxg5 55. f3 Ra4 56. Nc2 Ra8 57. Ne3 Rh8 58. f4 Kg6 59. Nc2 Rh3 60. fxg5 Rxg3+ 61. Kd4 Rg4+ 62. Kc5 Rc4+ 63. Kd6 Rxc3 64. Nd4 Rc4 65.
Nxe6 d4 66. Kd5 d3 67. Kxc4 d2 68. Nf4+ Kh7 69. g6+ Kg8 70. Kd5 d1=Q+ 71. Ke6 Qg4+ 0-1

[Event "*** MasterClass Titled Tuesday Blitz"]
[Site "Chess.com"]
[Date "2017.09.05"]
[Round "4"]
[White "pawnwonder"]
[Black "blitzcopter"]
[Result "1/2-1/2"]
[WhiteElo "1988"]
[BlackElo "2038"]
[TimeControl "180+2"]
[EndTime "14:00:03 PDT"]
[Termination "Game drawn - insufficient material"]

1. e4 c6 2. d4 d5 3. Nc3 dxe4 4. Nxe4 Bf5 5. Ng3 Bg6 6. h4 h6 7. Nf3 Nd7 8. h5 Bh7 9. Bd3 Bxd3 10. Qxd3 e6 11. Bd2 Ngf6 12. O-O-O Be7 13. Ne4 Nxe4 14. Qxe4 Nf6 15. Qe2 Qd5 16. Kb1 O-O 17. Ne5 Qe4 18.
Be3 Nd5 19. g4 Nxe3 20. Qxe3 Qxe3 21. fxe3 Bg5 22. Rde1 Rfd8 23. Nf3 Bf6 24. Rhg1 Rac8 25. g5 hxg5 26. Nxg5 Bxg5 27. Rxg5 Rd5 28. Reg1 Rxg5 29. Rxg5 Rd8 30. c4 f6 31. Rg6 Kf7 32. Rg2 Rh8 33.
d5 cxd5 34. cxd5 exd5 35. Rc2 Re8 36. Rc5 Ke6 37. Rc7 Re7 38. Rc3 Kf5 39. Rd3 Re5 40. Kc2 Ke6 41. Rc3 Kd7 42. Ra3 a6 43. Kd3 Rxh5 44.
Rb3 Kc6 45. Rc3+ Kd6 46. Rb3 Kc7 47. Rc3+ Kb8 48. Rc1 Re5 49. Rh1 Kc7 50. Rh8 g5 51.
Rf8 Rf5 52. Rf7+ Kc6 53. a3 Rf2 54. b4 b6 55. Rg7 Kb5 56. Rd7 Rf5 57. Kd4 Ka4 58.
Rd6 Kxa3 59. Rxb6 Re5 60. Rxa6+ Kxb4 61. Rxf6 Re4+ 62. Kxd5 Rxe3 63. Kd4 Rg3 64. Rb6+ Ka5 65.
Rg6 g4 66. Ke4 Rg1 67. Kf4 g3 68. Rxg3 Rxg3 69. Kxg3 1/2-1/2

[Event "*** MasterClass Titled Tuesday Blitz"]
[Site "Chess.com"]
[Date "2017.09.05"]
[Round "4"]
[White "jncool68"]
[Black "Kirill_Klukin"]
[Result "1/2-1/2"]
[WhiteElo "2466"]
[BlackElo "2513"]
[TimeControl "180+2"]
[EndTime "14:00:12 PDT"]
[Termination "Game drawn by repetition"]

1. e4 c5 2. Nf3 Nc6 3. d4 cxd4 4. Nxd4 e5 5. Nb5 d6 6. N1c3 a6 7. Na3 Be7 8. Nc4 b5 9. Ne3 Nf6 10. g3 h5 11. Bg2 h4 12. Ncd5 Be6 13. Nxf6+ Bxf6 14. Nd5 h3 15. Bf3 Nd4 16. c3 Nxf3+ 17. Qxf3 Bxd5 18.
exd5 Bg5 19. O-O Bxc1 20. Raxc1 Qd7 21. c4 O-O 22. b3 Rac8 23. Qe4 Rc5 24. f4 f5 25. Qe2 e4 26. Qh5 Rfc8 27. Qxh3 bxc4 28. bxc4 Rxc4 29. Rxc4 Rxc4 30. Qg2 Qa7+ 31. Kh1 Qc5 32. g4 Rc2 33. Qg3 Qxd5 34. gxf5 e3+ 35. Kg1 Qd4 36. Re1 Rc3 37. Kh1 Qe4+ 38. Kg1 Qxf5 39. Rxe3 Rxe3 40. Qxe3 Qb1+ 41. Kg2 Qxa2+ 42. Kg3 Qf7 43. Qb6 Qg6+ 44. Kf3 Qd3+ 45. Kf2 Qd2+ 46. Kf3 Qxh2 47. Qxa6 Qh1+ 48. Kf2 Qh4+ 49. Kf3 Qh5+ 50. Kf2 Qc5+ 51. Kf3 Qc3+ 52. Kf2 Qd2+ 53. Kf3 Qd5+ 54. Kf2 Kh7 55. Qc8 Qh5 56. Qd7 d5 57. f5 Qh4+ 58. Kf3 Qe4+ 59. Kf2 Qe5 60. Qf7 d4 61. Qg6+ Kg8 62. Qg4 Qe3+ 63.
Kf1 Qe5 64. Kf2 Kf8 65. Qg5 Kg8 66. Qg4 1/2-1/2

[Event "*** MasterClass Titled Tuesday Blitz"]
[Site "Chess.com"]
[Date "2017.09.05"]
[Round "4"]
[White "swayamsm"]
[Black "Sanan_Sjugirov"]
[Result "1/2-1/2"]
[WhiteElo "2510"]
[BlackElo "2640"]
[TimeControl "180+2"]
[EndTime "14:00:27 PDT"]
[Termination "Game drawn - insufficient material"]

1. d4 g6 2. Nf3 Bg7 3. e4 d6 4.
Nc3 c6 5. Be3 Nd7 6. Be2 Ngf6 7.
O-O O-O 8. a4 e5 9. dxe5 dxe5 10. Qd2 Ng4 11. Bg5 f6 12. Bh4 Nh6 13. Rfd1 Qe7 14.
Bc4+ Kh8 15. a5 Nf7 16. Na4 g5 17. Bg3 b5 18. axb6 axb6 19. Nc3 Rxa1 20. Rxa1 Nd6 21. Be2 Nc5 22. Qe3 Be6 23. b4 Nd7 24. Ra7 Nc8 25.
Ra4 Nd6 26. h3 h6 27. Nd2 f5 28. exf5 Nxf5 29. Qd3 b5 30. Ra6 Nd4 31. Nce4 Qxb4 32.
c3 Nxe2+ 33. Qxe2 Qe7 34. Rxc6 Bd5 35. Ra6 Bxe4 36. Nxe4 Nc5 37. Rc6 Nxe4 38. Qxe4 Re8 39. h4 gxh4 40. Bxh4 Qd7 41. Kh2 Qf7 42. Kg1 Qd7 43.
Kh2 Qf7 44. Rg6 Rc8 45. Rb6 Qh5 46. f3 Rf8 47. Qg4 Qxg4 48. fxg4 Rf4 49. Kh3 Rc4 50. Be1 Re4 51. Bf2 Rc4 52. Be1 Re4 53. Bd2 Re2 54.
Bc1 Rc2 55. Bxh6 Rxc3+ 56. Kh4 Bxh6 57. Rxh6+ Kg7 58. Rb6 Rc5 59. Kg5 e4+ 60. Kf4 Rc2 61. Rxb5 Rxg2 62. Re5 Rf2+ 63. Kg5 Re2 64. Kf5 Rf2+ 65.
Kg5 Re2 66. Re7+ Kf8 67. Re5 e3 68. Kf4 Kg7 69. g5 Rf2+ 70. Kxe3 Rf8 71. Ke4 Kg6 72. Ke3 Rf5 73. Rxf5 Kxf5 74. g6 Kxg6 1/2-1/2